 Dungeon Crawl Stone Soup version 0.31-a0-455-g1a7b003ef0 (webtiles) character file.

Game seed: 15926211726801457907

160 Dittersdorf the Shield-Bearer (level 5, -5/33 HPs)
             Began as a Gargoyle Fighter on Aug 3, 2023.
             Slain by a river rat (6 damage)
             ... in a sewer.
             The game lasted 00:02:59 (2012 turns).

Dittersdorf the Shield-Bearer (Gargoyle Fighter)    Turns: 2012, Time: 00:03:00

Health: -5/33      AC: 12    Str: 22    XL:     5   Next: 41%
Magic:  5/5        EV:  9    Int:  8    God:
Gold:   110        SH:  4    Dex:  9    Spells: 4/4 levels left

rFire   . . .        a - +0 flail
rCold   . . .        c - +0 buckler
rNeg    + . .        b - +0 scale mail
rPois   ∞            (no helmet)
rElec   +            (no cloak)
rCorr   .            (no gloves)
SInv    .            j - +0 pair of boots
Will    .....        (no amulet) Stlth
                     (no ring)
HPRegen 0.25/turn    (no ring)
MPRegen 0.09/turn

%: no passive effects
@: no status effects
A: sickness immunity, AC +4, negative energy resistance 1, electricity
resistance, torment resistance 1, petrification resistance
a: no special abilities


You were in a sewer.
You visited 1 branch of the dungeon, and saw 3 of its levels.
You also visited: Sewer.

You collected 110 gold pieces.

Inventory:

Hand Weapons
 a - a +0 flail (weapon)
Missiles
 m - 6 poisoned darts
Armour
 b - a +0 scale mail (worn)
 c - a +0 buckler (worn)
 j - a +0 pair of boots (worn)
Scrolls
 e - a scroll of poison {unknown}
 f - a scroll of identify {unknown}
 g - a scroll of revelation {unknown}
 l - a scroll of torment {unknown}
Potions
 d - a potion of might
 h - a potion of lignification {unknown}
 i - a potion of berserk rage {unknown}
 k - 2 potions of degeneration
 n - a potion of mutation {unknown}
 o - a potion of cancellation {unknown}
 p - a potion of invisibility {unknown}
 q - 6 potions of enlightenment
 r - a potion of resistance {unknown}
 s - a potion of magic {unknown}


   Skills:
 + Level 4.2 Fighting
 + Level 3.1 Maces & Flails
 + Level 4.3 Armour
 + Level 4.3 Shields


You had 4 spell levels left.
You didn't know any spells.
Your spell library was empty.

Dungeon Overview and Level Annotations

Branches:
Dungeon (3/15)              Sewer (1/1)

Altars:
Zin

Shops:
D:2 *   D:3 *


Innate Abilities, Weirdness & Mutations

You are immune to sickness and miasma.
Your stone body is resilient. (AC +4)
You are immune to poison.
You resist negative energy. (rN+)
You are resistant to electric shocks. (rElec)
You are resistant to unholy torment.
You are immune to petrification.


Message History

You are too injured to fight recklessly!
You are too injured to fight recklessly!
You are too injured to fight recklessly!
You are too injured to fight recklessly!
You are too injured to fight recklessly!
You are too injured to fight recklessly!
You are too injured to fight recklessly!
You are too injured to fight recklessly!
You are too injured to fight recklessly!
You are too injured to fight recklessly!
You are too injured to fight recklessly!
The river rat attacks as you move away! You block the river rat's attack.
The river rat closely misses you.
There is a large open door here.
The river rat attacks as you move away! The river rat closely misses you.
You closely miss the river rat.
The river rat is heavily wounded.
The river rat bites you.
You closely miss the river rat.
The river rat is heavily wounded.
You barely miss the river rat. The river rat bites you.
The river rat bites you but does no damage.
You closely miss the river rat. The river rat closely misses you.
The river rat bites you but does no damage.
The river rat closely misses you. The river rat bites you.
* * * LOW HITPOINT WARNING * * *
You hit the river rat but do no damage.
The river rat is heavily wounded.
The river rat bites you.
* * * LOW HITPOINT WARNING * * *
The river rat bites you but does no damage.
You barely miss the river rat.
The river rat is heavily wounded.
The river rat bites you!
* * * LOW HITPOINT WARNING * * *
You block the river rat's attack.
You hit the river rat.
The river rat is severely wounded.
The river rat bites you.
You die...

#≈≈≈############
#~.~~~.~~.~..~~.
#~≈≈≈≈≈≈~~≈≈≈≈≈≈
#~≈~~~~†~~~~~~~.
#~≈~####~~####~≈
#~≈~# #.~# #†≈.#
#~.# #.≈.####..#
# #~≈.##@#..#.#
#.≈~##rr..'.#
#~≈~##r'..'.#
#~≈~##.#..#.#
#~≈~####..###
#~≈w# #..# #~≈~#
#..# #†≈~# #..#
#~≈w# +..+


You could see 3 river rats.

Vanquished Creatures
  5 adders
  A river rat (D:3)
  4 worms
  3 dart slugs
  8 endoplasms
  9 giant cockroaches
  5 goblins
  4 hobgoblins
  13 jackals
  A quokka (D:1)
  7 ball pythons
  11 bats
  2 frilled lizards
  5 kobolds
  5 rats
83 creatures vanquished.

Notes
Turn   | Place    | Note
-------+----------+-------------------------------------------
     0 | D:1      | Dittersdorf the Gargoyle Fighter began the quest for the
                  | Orb.
     0 | D:1      | Reached XP level 1. HP: 14/14 MP: 1/1
    83 | D:1      | Reached XP level 2. HP: 19/19 MP: 2/2
   385 | D:1      | Reached XP level 3. HP: 23/23 MP: 3/3
   705 | D:2      | Found Qioho's General Store.
  1028 | D:2      | Reached XP level 4. HP: 29/29 MP: 4/4
  1573 | D:3      | Found Zin's Purification Station.
  1595 | D:3      | Found a glowing silver altar of Zin.
  1651 | D:3      | Found a glowing drain.
  1681 | D:3      | Reached XP level 5. HP: 20/33 MP: 5/5
  1754 | Sewer    | Entered a sewer
  2011 | Sewer    | HP: 1/33 [river rat (7)]
  2012 | Sewer    | Slain by a river rat

Illustrated notes

Levels and vault maps discovered:
D:1:      dpeg_arrival_arbitrary_b, layout_loops_ring
D:2:      layout_loops_corners, serial_shops, shop, small_statue_intersection
D:3:      layout_loops_ring, zin_purify, lemuel_doored_altar,
          cheibrodos_sewer_entry_sluice
Sewer:    sewer_fruit_machine

Skill      XL: |  1  2  3  4  5 |
---------------+----------------+-----
Armour         | 4 |  4.3
Shields        | 4 |  4.3
Fighting       | 4 |  4.2
Maces & Flails | 3 |  3.1

Action                     |  1- 3 |  4- 6 || total
---------------------------+-------+-------++-------
  Melee: Flail             |   110 |   210 ||   320
    Use: Scroll            |       |     1 ||     1
 Armour: Scale mail        |    63 |   215 ||   278
  Dodge: Dodged            |    40 |   155 ||   195
  Block: Buckler           |    20 |    85 ||   105

Table legend: (Time is in decaauts)
 A = Elapsed time spent in this place.
 B = Non-inter-level travel time spent in this place.
 C = Inter-level travel time spent in this place.
 D = Time resting spent in this place.
 E = Time spent auto-exploring this place.
 F = Levels seen in this place.
 G = Mean time per level.
                   A        B        C        D        E       F      G
               +--------+--------+--------+--------+--------+-----+--------+
         Total |   2154 |   2109 |     45 |     37 |   1308 |   4 |  538.5 |
       Dungeon |   1828 |   1783 |     45 |      0 |   1191 |   3 |  609.3 |
         Sewer |    326 |    326 |      0 |     37 |    117 |   1 |  326.0 |
               +--------+--------+--------+--------+--------+-----+--------+

Top non-repeatable levels by time:
     D:2: 895 daAuts
     D:1: 677 daAuts
   Sewer: 326 daAuts
     D:3: 255 daAuts
